 Dungeon Crawl Stone Soup version 0.27-a0-1066-g29160eaed2 (webtiles) character file.

Game seed: 2386000381472726515

100 LordDeathwing the Sneak (level 4, -2/36 HPs)
             Began as a Naga Hedge Wizard on Apr 24, 2021.
             Was a Follower of Nemelex Xobeh.
             Slain by a goblin
             ... wielding a +0 club
             ... led by Robin
              (3 damage)
             ... on level 3 of the Dungeon.
             The game lasted 00:19:52 (3029 turns).

LordDeathwing the Sneak (Naga Hedge Wizard)         Turns: 3029, Time: 00:19:52

Health: -2/36      AC:  2    Str: 12    XL:     4   Next: 73%
Magic:  4/9        EV: 10    Int: 16    God:    Nemelex Xobeh [*.....]
Gold:   54         SH:  0    Dex: 10    Spells: 1/9 levels left

rFire    + . .     SeeInvis +   a - +0 dagger
rCold    . . .     Faith    .   (no shield)
rNeg     . . .     Spirit   .   b - +0 robe
rPois    +         Reflect  .   c - +0 hat
rElec    .         Harm     .   (no cloak)
rCorr    .         Rampage  .   (no gloves)
Will     .....                  (no barding)
Stlth    ++........             g - amulet of the acrobat
HPRegen  0.12/turn              f - ring of protection from fire
MPRegen  0.11/turn              l - ring of flight

@: flying, very slow
A: AC +1, large, see invisible, deformed body, poison resistance, slowness 2,
spit poison 1, naga tail 1
a: Spit Poison, Renounce Religion, Draw Escape, Draw Destruction, Draw Summoning


You were on level 3 of the Dungeon.
You worshipped Nemelex Xobeh.
Nemelex Xobeh was aware of your devotion.
You visited 1 branch of the dungeon, and saw 3 of its levels.

You collected 54 gold pieces.

Inventory:

Hand Weapons
 a - a +0 dagger (weapon)
Armour
 b - a +0 robe (worn)
 c - a +0 hat (worn)
Jewellery
 f - a ring of protection from fire (left hand)
 g - an amulet of the acrobat (around neck)
 l - a ring of flight (right hand)
Scrolls
 d - a scroll of brand weapon {unknown}
 e - 3 scrolls of identify {unknown}
 h - a scroll of teleportation {unknown}
 i - a scroll of blinking {unknown}
 j - a scroll of vulnerability {unknown}
Potions
 k - a potion of curing
 m - a potion of lignification {unknown}
 n - 2 potions of haste {unknown}


   Skills:
 + Level 1.9 Dodging
 + Level 4.1 Stealth
 + Level 3.3 Spellcasting
 * Level 2.3 Conjurations
 * Level 2.4 Summonings
 - Level 1.0 Translocations


You had one spell level left.
You knew the following spells:

 Your Spells              Type           Power      Damage    Failure   Level
a - Blink                 Tloc           N/A        N/A       19%         2
b - Conjure Flame         Conj/Fire      6%         6-21      32%         3
d - Magic Dart            Conj           40%        1d5       7%          1
i - Call Imp              Summ           10%        N/A       10%         2

Your spell library contained the following spells:

 Spells                   Type           Power      Damage    Failure   Level
 Slow                     Hex            2%         N/A       26%         2
 Mephitic Cloud           Conj/Pois/Air  5%         N/A       36%         3


Dungeon Overview and Level Annotations

Branches:
Dungeon (3/15)

Altars:
Nemelex Xobeh

Annotations:
D:3 Robin


Innate Abilities, Weirdness & Mutations

Your serpentine skin is tough. (AC +1)
You have supernaturally acute eyesight. (SInv)
Armour fits poorly on your strangely shaped body.
Your system is resistant to poisons. (rPois)
You cover ground very slowly.
You can spit poison.
You have a snake-like lower body.


Message History

You have drawn Pain.
Press: ? - help, Shift-Dir - straight line, f/p - goblin
Aim: a goblin, wielding a +0 club (strong)
The goblin convulses!
Your crimson imp barely misses the hobgoblin.
The hobgoblin closely misses your crimson imp.
Robin throws the goblin at you! The goblin hits you with a +0 club.
* * * LOW HITPOINT WARNING * * *
The goblin hits you with a +0 club.
* * * LOW HITPOINT WARNING * * *
The goblin closely misses you.
It was a potion of curing.
You feel better.
Your crimson imp barely misses Robin.
The hobgoblin hits your crimson imp but does no damage.
Robin throws the goblin at you! The goblin hits you with a +0 club.
* * * LOW HITPOINT WARNING * * *
The goblin hits you with a +0 club.
* * * LOW HITPOINT WARNING * * *
Your crimson imp blinks!
The goblin hits you but does no damage. The goblin hits you with a +0 club.
* * * LOW HITPOINT WARNING * * *
You draw a card...
You have drawn Pain.
Press: ? - help, Shift-Dir - straight line, f/p - goblin
Aim: a goblin, wielding a +0 club (moderately wounded, strong)
The bolt of negative energy hits the goblin!!
The goblin is drained!
You kill the goblin!
You have got your breath back.
Your crimson imp hits Robin but does no damage.
The hobgoblin barely misses your crimson imp.
Robin says, "Duck!"
Robin throws the goblin at you!
* * * LOW HITPOINT WARNING * * *
The goblin hits you with a +0 club.
* * * LOW HITPOINT WARNING * * *
Something hits your crimson imp. The goblin closely misses you.
The goblin hits you with a +0 club.
You die...
Your body glows slightly and disappears.

....g. ..... . .g.. ..
. ... g# . ....) #
.#.# #
#.#######g..#.####
#.#.gg§55g...# ...
#..#g@.##...#....#
#...#g.##..#..##.#
#....#....#...##.#
#..5..#..#....##.#####
#..##..##..##.........
#..##..##..##....#####
##....#..#....#..#
#...#....#...#..#
#.[#..##..#.....#####


You could see Robin (ally target), a hobgoblin (strong, ally target), 4 goblins,
a friendly iron imp (summoned) and 2 friendly crimson imps.

Vanquished Creatures
  2 adders (D:2)
  A gnoll (D:2)
  2 worms
  2 endoplasms (D:2)
  5 giant cockroaches
  7 goblins
  5 hobgoblins
  4 jackals
  A quokka (D:2)
  4 ball pythons
  A bat (D:1)
  A frilled lizard (D:1)
  A kobold (D:2)
  7 rats
43 creatures vanquished.

Vanquished Creatures (collateral kills)
  2 gnolls (D:2)
  A giant cockroach (D:2)
  2 goblins (D:3)
  7 jackals (D:2)
  3 quokkas
  A rat (D:1)
16 creatures vanquished.

Grand Total: 59 creatures vanquished

Notes
Turn   | Place    | Note
-------+----------+-------------------------------------------
     0 | D:1      | LordDeathwing the Naga Hedge Wizard began the quest for the
                  | Orb.
     0 | D:1      | Reached XP level 1. HP: 15/15 MP: 4/4
    99 | D:1      | Found a faded altar of an unknown god.
   109 | D:1      | Became a worshipper of Nemelex Xobeh the Trickster
   109 | D:1      | Reached * piety under Nemelex Xobeh
   109 | D:1      | Received a gift from Nemelex Xobeh
   243 | D:1      | Reached XP level 2. HP: 22/22 MP: 1/6
   246 | D:1      | Learned a level 2 spell: Call Imp
   787 | D:1      | Reached XP level 3. HP: 28/28 MP: 3/7
   790 | D:1      | Learned a level 2 spell: Blink
   794 | D:1      | Learned a level 3 spell: Conjure Flame
  1663 | D:2      | Reached XP level 4. HP: 36/36 MP: 2/8
  2174 | D:2      | Reached skill level 4 in Stealth
  3016 | D:3      | Noticed Robin
  3029 | D:3      | HP: 1/36 [goblin/+0 club[Robin] (5)]
  3029 | D:3      | Slain by a goblin

Illustrated notes

Levels and vault maps discovered:
D:1:      dpeg_arrival_snail, layout_basic, basic_ecumenical_altar
D:2:      layout_loops_cross
D:3:      layout_loops_ring, minivault_26, uniq_ijyb, uniq_robin, uniq_jessica,
          uniq_crazy_yiuf_cottage

Skill      XL: |  1  2  3  4 |
---------------+-------------+-----
Conjurations   | 2 |  2.3
Summonings     | 2 |  2.4
Stealth        | 4 |  4.1
Dodging        | |  1.9
Spellcasting   | |  3.3
Translocations | |  1.0

Action                   |  1- 3 |  4- 6 || total
-------------------------+-------+-------++-------
Melee: Dagger            |    26 |    18 ||    44
 Cast: Magic Dart        |    44 |    41 ||    85
       Call Imp          |     9 |    12 ||    21
Invok: Draw Destruction  |     1 |     2 ||     3
       Draw Escape       |     1 |       ||     1
 Abil: Spit Poison       |    12 |     9 ||    21
  Use: Potion            |       |     1 ||     1
Armor: Robe              |     9 |     4 ||    13
Dodge: Dodged            |    21 |    28 ||    49

Table legend: (Time is in decaauts)
 A = Elapsed time spent in this place.
 B = Non-inter-level travel time spent in this place.
 C = Inter-level travel time spent in this place.
 D = Time resting spent in this place.
 E = Time spent auto-exploring this place.
 F = Levels seen in this place.
 G = Mean time per level.
                   A        B        C        D        E       F      G
               +--------+--------+--------+--------+--------+-----+--------+
         Total |   3491 |   3465 |     26 |    649 |   2101 |   3 | 1163.7 |
       Dungeon |   3491 |   3465 |     26 |    649 |   2101 |   3 | 1163.7 |
               +--------+--------+--------+--------+--------+-----+--------+

Top non-repeatable levels by time:
     D:2: 1927 daAuts
     D:1: 1315 daAuts
     D:3: 249 daAuts
